 Dungeon Crawl Stone Soup version 0.19.0 (webtiles) character file.

15 Lyric the Grave Robber (level 2, 0/15 HPs)
             Began as a Kobold Necromancer on Nov 15, 2016.
             Slain by a leopard gecko (4 damage)
             ... on level 1 of the Dungeon.
             The game lasted 00:15:52 (648 turns).

Lyric the Grave Robber (Kobold Necromancer)          Turns: 648, Time: 00:15:53

Health: 0/15       AC:  2    Str:  4 (5)  XL:     2   Next: 65%
Magic:  1/5        EV: 15    Int: 15 (16) God:
Gold:   14         SH:  0    Dex: 13 (15) Spells: 2 memorised, 3 levels left

rFire  . . .     SeeInvis .     e - +0 hunting sling
rCold  . . .     Gourm    .     i - +0 robe
rNeg   . . .     Faith    .     (shield restricted)
rPois  .         Spirit   .     (no helmet)
rElec  .         Reflect  .     (no cloak)
rCorr  .         Harm     .     (no gloves)
MR     .....                    (no boots)
Stlth  ++........               (no amulet)
                                (no ring)
                                (no ring)

@: no status effects
A: carnivore 3
a: no special abilities


You were on level 1 of the Dungeon.
You were not hungry.

You visited 1 branch of the dungeon, and saw 1 of its levels.

You collected 14 gold pieces.

Inventory:

Hand Weapons
 e - a +0 hunting sling (weapon)
Missiles
 h - 71 stones (quivered)
Armour
 a - a +0 robe
 i - a +0 robe (worn)
Scrolls
 f - a scroll of teleportation {unknown}
Potions
 d - a potion of brilliance {unknown}
Books
 b - a book of Necromancy

   Spells                             Type                      Level
   a - Pain                           Necromancy                   1
   b - Animate Skeleton               Necromancy                   1
   c - Vampiric Draining              Necromancy                   3
   d - Regeneration                   Charms/Necromancy            3
   e - Animate Dead                   Necromancy                   4
   f - Control Undead                 Necromancy                   4
Comestibles
 c - 2 meat rations
 g - 4 chunks of flesh


   Skills:
 + Level 2.4 Dodging
 + Level 2.9 Stealth
 + Level 2.4 Spellcasting
 + Level 4.4 Necromancy


You had 3 spell levels left.
You knew the following spells:

 Your Spells              Type           Power        Failure   Level  Hunger
a - Pain                  Necr           ###.         3%          1    #......
b - Animate Skeleton      Necr           N/A          3%          1    #......


Dungeon Overview and Level Annotations

Branches:
Dungeon (1/15)

Altars:


Innate Abilities, Weirdness & Mutations

You are small and have problems with some larger weapons.
You are carnivorous and can eat meat at any time.


Message History

The giant cockroach is heavily wounded.
The leopard gecko misses you. The giant cockroach closely misses you.
The leopard gecko completely misses you.
Firing (i - inventory):
h - 73 stones (quivered)
Press: ? - help, Shift-Dir - straight line, f/p - giant cockroach
Aim: a giant cockroach (heavily wounded, clinging)
You shoot a stone. The stone hits the giant cockroach.
The giant cockroach is severely wounded.
The giant cockroach misses you. The leopard gecko bites you.
* * * LOW HITPOINT WARNING * * *
The giant cockroach completely misses you.
Firing (i - inventory):
h - 72 stones (quivered)
Press: ? - help, Shift-Dir - straight line, f/p - giant cockroach
Aim: a giant cockroach (severely wounded, clinging)
You shoot a stone.
The stone hits the giant cockroach but does no damage.
The giant cockroach is severely wounded.
The leopard gecko closely misses you. The giant cockroach barely misses you.
The leopard gecko bites you.
You die...

..... #.# ..# #
(.....##.# #.# #
.......#.# #.# #
....##...# #########.###
...##..###............
.).#....#..........#
#(####.)..........##
#rs#####............
#l@.)...........##.
.................#######.
#############....# ##
#....# # #....# ######


You could see a leopard gecko, a giant cockroach and a rat.

Vanquished Creatures
  2 leopard geckos (D:1)
  2 bats (D:1)
  2 goblins (D:1)
  3 hobgoblins (D:1)
  A jackal (D:1)
  A frilled lizard (D:1)
11 creatures vanquished.

Vanquished Creatures (collateral kills)
  A hobgoblin (D:1)
1 creature vanquished.

Grand Total: 12 creatures vanquished

Notes
Turn   | Place    | Note
-------+----------+-------------------------------------------
     0 | D:1      | Lyric the Kobold Necromancer began the quest for the Orb.
     0 | D:1      | Reached XP level 1. HP: 10/10 MP: 3/3
    38 | D:1      | Learned a level 1 spell: Animate Skeleton
   226 | D:1      | Reached XP level 2. HP: 5/15 MP: 0/5
   648 | D:1      | Slain by a leopard gecko

Action                   || total
-------------------------++-------
Melee: Unarmed           ||     2
 Fire: Hunting sling     ||     9
 Cast: Pain              ||    21
       Animate Skeleton  ||     4
  Use: Scroll            ||     3
       Potion            ||     1
  Eat: Chunk             ||     2
Armor: Robe              ||     1
Dodge: Dodged            ||    27
